 Dungeon Crawl Stone Soup version 0.25-a0-258-g6d7e32a (webtiles) character file.

Game seed: 2321051455546466164, levelgen mode: deterministic

59 Coldstonesans the Ruffian (level 4, -4/29 HPs)
             Began as a Gargoyle Monk on Dec 6, 2019.
             Killed by nerve-wracking pain
             ... invoked by an orc priest
              (6 damage)
             ... on level 2 of the Dungeon.
             The game lasted 00:02:44 (1626 turns).

Coldstonesans the Ruffian (Gargoyle Monk)           Turns: 1626, Time: 00:02:45

Health: -4/29      AC:  5    Str: 17    XL:     4   Next: 3%
Magic:  4/4        EV: 18    Int: 11    God:
Gold:   74         SH:  0    Dex: 17    Spells: 3/3 levels left

rFire    + . .     SeeInvis .     - Unarmed
rCold    . . .     Gourm    .   (no shield)
rNeg     + . .     Faith    .   a - +0 robe
rPois    ∞         Spirit   .   (no helmet)
rElec    +         Reflect  .   (no cloak)
rCorr    .         Harm     .   (no gloves)
MR       .....                  (no boots)
Stlth    +++.......             (no amulet)
HPRegen  0.09/turn              o - ring of protection from fire
MPRegen  0.09/turn              e - -3 ring of strength (curse)

@: mighty, agile, very slightly contaminated, hasted and slowed, invisible
A: negative energy resistance 1, electricity resistance, unbreathing,
petrification resistance, rot immunity, AC +3
a: no special abilities


You were on level 2 of the Dungeon.
You were very hungry.

You visited 1 branch of the dungeon, and saw 2 of its levels.

You collected 74 gold pieces.

Inventory:

Armour
 a - a +0 robe (worn)
Jewellery
 e - a cursed -3 ring of strength (right hand)
 o - a ring of protection from fire (left hand)
Scrolls
 h - a scroll of teleportation {unknown}
 k - 2 scrolls of identify
Potions
 d - a potion of agility
 g - a potion of mutation {unknown}
 n - a potion of haste
 p - 2 potions of curing {unknown}
Comestibles
 b - 2 rations


   Skills:
 + Level 3.7 Fighting
 + Level 2.7 Dodging
 + Level 2.9 Stealth
 * Level 3.8 Unarmed Combat


You had 3 spell levels left.
You didn't know any spells.
Your spell library was empty.

Dungeon Overview and Level Annotations

Branches:
Dungeon (2/15)

Altars:
Uskayaw


Innate Abilities, Weirdness & Mutations

You are resistant to torment.
Your stone body is resilient. (AC +3)
You are immune to poison.
You resist negative energy. (rN+)
You are resistant to electric shocks. (rElec)
You can survive without breathing.
You are immune to petrification.
You are immune to rotting.


Message History

You feel very mighty all of a sudden.
It was a potion of invisibility.
You fade into invisibility!
The orc priest mumbles some strange prayers to Beogh against you.
Pain shoots through your body!
* * * LOW HITPOINT WARNING * * *
Okay, then.
You punch the orc wizard!
The orc wizard is almost dead.
The orc wizard misses you.
You hit the orc priest.
The orc priest is lightly wounded.
The orc priest closely misses you.
The orc wizard hits you with a +0 dagger.
* * * LOW HITPOINT WARNING * * *
You punch the orc priest!
The orc priest is almost dead.
The orc priest mumbles some strange prayers to Beogh against you.
Pain shoots through your body!
You die...

#..#.(.#.#..........##.##
##
#..#...#..........##...#
#
....#####.<......#(##.###
###
#.##..............#.##.#
#####.. #.
#..._....#######)##.#
#...... .......###
#####....# #......
.....##
#.....).####>..... ....#
####................. ...
##..o@o.....#.........
#..##.....######......
#.###.....##########.#
#.# #.....).....# #.#
######.#
#.....#####.####.#
#.o)..$# #.....# #.......
#....###### #.....#
######.. ### #.....# #..
####### ###


You could see an orc priest and an orc wizard.

Vanquished Creatures
  An adder (D:2)
  A worm (D:2)
  A dart slug (D:2)
  2 leopard geckos
  An orc (D:2)
  A ball python (D:2)
  3 bats
  4 giant cockroaches
  7 hobgoblins
  7 kobolds
  3 frilled lizards (D:2)
  3 goblins (D:2)
  6 rats
40 creatures vanquished.

Notes
Turn   | Place    | Note
-------+----------+-------------------------------------------
     0 | D:1      | Coldstonesans the Gargoyle Monk began the quest for the
                  | Orb.
     0 | D:1      | Reached XP level 1. HP: 14/14 MP: 1/1
    82 | D:1      | Reached XP level 2. HP: 11/19 MP: 2/2
   749 | D:2      | Reached XP level 3. HP: 23/23 MP: 3/3
  1182 | D:2      | Noticed a +0 dagger
  1183 | D:2      | Found a hide-covered altar of Uskayaw.
  1184 | D:2      | Noticed a -2 hand axe
  1537 | D:2      | Reached XP level 4. HP: 29/29 MP: 4/4
  1626 | D:2      | Killed from afar by an orc priest

Levels and vault maps discovered:
D:1:      wander_arrival_chamber, layout_loops_cross
D:2:      layout_rooms, dancing_weapons_uskayaw

Action                   |  1- 3 |  4- 6 || total
-------------------------+-------+-------++-------
Melee: Unarmed           |   158 |    14 ||   172
       Punch             |     2 |       ||     2
  Use: Scroll            |     5 |     1 ||     6
       Potion            |     1 |     4 ||     5
 Stab: Sleeping          |     6 |       ||     6
  Eat: Chunk             |     1 |       ||     1
Armor: Robe              |    36 |     3 ||    39
Dodge: Dodged            |   103 |    12 ||   115

Table legend:
 A = Non-vault XP
 B = Vault XP
 C = Vault XP percentage of total XP
 D = Non-vault monster count
 E = Vault monster count
 F = Vault count percentage of total count
                 A         B        C        D         E       F
            +---------+---------+-------+---------+---------+-------
      Total |      85 |       0 |   0.0 |      40 |       0 |   0.0
            +---------+---------+-------+---------+---------+-------
        D:1 |      30 |       0 |   0.0 |      18 |       0 |   0.0
        D:2 |      55 |       0 |   0.0 |      22 |       0 |   0.0
            +---------+---------+-------+---------+---------+-------
